 Dungeon Crawl Stone Soup version 0.23.0 (webtiles) character file.

Game seed: 9027200330986912703

912 Wolly the Grasshopper (level 8, -2/63 HPs)
             Began as a Gnoll Warper on Feb 10, 2019.
             Was a Follower of Okawaru.
             Slain by an orc warrior
             ... wielding a +0 war axe
              (17 damage)
             ... on level 5 of the Dungeon.
             The game lasted 00:09:08 (5585 turns).

Wolly the Grasshopper (Gnoll Warper)                Turns: 5585, Time: 00:09:09

Health: -2/63      AC: 10    Str: 15    XL:     8   Next: 9%
Magic:  10/16      EV: 12    Int: 16    God:    Okawaru [*.....]
Gold:   309        SH:  0    Dex: 15    Spells: 16/18 levels left

rFire    . . .     SeeInvis .   a - +0 trident
rCold    . . .     Gourm    .   (no shield)
rNeg     . . .     Faith    .   g - +0 scale mail
rPois    .         Spirit   .   (no helmet)
rElec    .         Reflect  .   m - +1 cloak
rCorr    .         Harm     .   (no gloves)
MR       .....                  y - +0 pair of boots
Stlth    +.........             (no amulet)
HPRegen  0.20/turn              (no ring)
MPRegen  0.15/turn              (no ring)

@: very slightly contaminated
A: distributed training, fangs 1, strong nose
a: Heroism, Renounce Religion


You were on level 5 of the Dungeon.
You worshipped Okawaru.
Okawaru was aware of your devotion.
You were very hungry.

You visited 2 branches of the dungeon, and saw 7 of its levels.

You collected 309 gold pieces.

Inventory:

Hand Weapons
 a - a +0 trident (weapon)
 b - a +2 dagger of venom
Missiles
 e - 5 tomahawks of dispersal (quivered)
 u - 6 tomahawks
Armour
 g - a +0 scale mail (worn)
 m - a +1 cloak (worn)
 y - a +0 pair of boots (worn)
Wands
 o - a wand of disintegration (15)
 r - a wand of clouds (4)
Scrolls
 d - a scroll of blinking
 h - 2 scrolls of immolation {unknown}
 j - a scroll of remove curse
 l - 2 scrolls of enchant armour {unknown}
 n - a scroll of fog {unknown}
 p - a scroll of noise {unknown}
 q - a scroll of identify
 t - a scroll of amnesia {unknown}
 v - a scroll of magic mapping {unknown}
Potions
 c - 2 potions of brilliance
 i - 4 potions of heal wounds
 k - 4 potions of curing
 s - a potion of might {unknown}
 w - a potion of magic {unknown}
 x - a potion of berserk rage {unknown}
 z - a potion of lignification {unknown}
Comestibles
 f - 11 rations


   Skills:
 + Level 5.4 Fighting
 + Level 2.9 Short Blades
 + Level 2.9 Long Blades
 + Level 2.9 Axes
 + Level 2.9 Maces & Flails
 + Level 5.4 Polearms
 + Level 2.9 Staves
 + Level 2.9 Slings
 + Level 2.9 Bows
 + Level 2.9 Crossbows
 + Level 3.9 Throwing
 + Level 3.9 Armour
 + Level 5.4 Dodging
 + Level 2.9 Stealth
 + Level 2.9 Shields
 + Level 2.9 Unarmed Combat
 + Level 5.8 Spellcasting
 + Level 2.3 Conjurations
 + Level 2.3 Hexes
 + Level 2.3 Charms
 + Level 2.3 Summonings
 + Level 2.3 Necromancy
 + Level 6.0 Translocations
 + Level 2.3 Transmutations
 + Level 2.3 Fire Magic
 + Level 2.3 Ice Magic
 + Level 2.3 Air Magic
 + Level 2.3 Earth Magic
 + Level 2.3 Poison Magic
 + Level 3.2 Invocations
 + Level 2.9 Evocations


You had 16 spell levels left.
You knew the following spells:

 Your Spells              Type           Power        Failure   Level  Hunger
a - Blink                 Tloc           N/A          7%          2    #......

Your spell library contained the following spells:

 Spells                   Type           Power        Failure   Level  Hunger
 Gell's Gravitas          Tloc           ###.......   13%         3    ##.....
 Lesser Beckoning         Tloc           ###.......   13%         3    ##.....
 Teleport Other           Tloc           ###.....     13%         3    ##.....
 Shroud of Golubria       Chrm/Tloc      ###.......   14%         2    #......
 Sandblast                Erth           ##....       21%         1    None
 Passwall                 Tmut/Erth      ##......     30%         2    #......
 Passage of Golubria      Tloc           N/A          41%         4    ####...
 Stone Arrow              Conj/Erth      ##....       52%         3    ##.....
 Petrify                  Tmut/Erth      ##......     89%         4    ####...
 Lee's Rapid Deconstruct  Erth           ##........   99%         5    ######.


Dungeon Overview and Level Annotations

Branches:
Dungeon (6/15)             Temple (1/1) D:4

Altars:
Cheibriados
Dithmenos
Fedhas
Gozag
Hepliaklqana
Nemelex Xobeh
Okawaru
Qazlal
Ru
Uskayaw
Vehumet


Innate Abilities, Weirdness & Mutations

Your experience applies equally to all skills.
You have very sharp teeth.
Your uncanny sense of smell can sniff out nearby items.


Message History

Attack whom?
Press: ? - help, Dir - move target cursor, f/p - orc warrior
Aim: an orc warrior, wielding a +0 war axe and wearing a +0 chain mail (almost dead, poisoned)
You reach to attack!
You hit the orc warrior.
The orc warrior is almost dead.
Evoke which item? (* to show all) (? for menu, Esc to quit)
Okay, then.
You barely miss the orc warrior.
The orc warrior is almost dead.
The orc warrior hits you with a +0 war axe!
You closely miss the orc warrior.
The orc warrior is almost dead.
The orc warrior hits you with a +0 war axe!
* * * LOW HITPOINT WARNING * * *
Unknown command.
Casting: Blink (safe; 7% risk of failure)
Confirm with . or Enter, or press ? or * to list all spells.
You blink.
The orc warrior hits you with a +0 war axe!
You die...

..# #......# ..#
#......# ..# ####.###
.## ###..#
.########....#
..........##.#######
.......####...##...##
...###..##........ยง.##
##.# #..........@o...#
##.# ###.........>...#
##.#####.............#
##.................(##
###..##......##...##
#...###.....#######
#.#..###....#
##.##.###.##.##
#..##.........#


You could see an orc warrior.

Vanquished Creatures
  A sky beast (D:5)
  2 ogres (D:4)
  A scorpion (D:4)
  A howler monkey (D:5)
  A bullfrog zombie (D:5)
  A hound (D:4)
  A centaur zombie (D:3)
  A gnoll shaman (D:5)
  An orc priest (D:4)
  3 orc wizards (D:4)
  An iguana (D:5)
  3 worker ants (D:4)
  3 gnolls (D:5)
  8 adders
  An ooze (D:3)
  2 worms
  3 dart slugs
  3 leopard geckos
  21 orcs
  5 ball pythons
  10 bats
  8 giant cockroaches
  3 goblins (D:2)
  9 hobgoblins
  3 quokkas
  5 frilled lizards
  8 kobolds
  A quokka skeleton (D:5)
  17 rats
127 creatures vanquished.

Notes
Turn   | Place    | Note
-------+----------+-------------------------------------------
     0 | D:1      | Wolly the Gnoll Warper began the quest for the Orb.
     0 | D:1      | Reached XP level 1. HP: 20/20 MP: 6/6
   163 | D:1      | Reached XP level 2. HP: 21/26 MP: 7/7
   220 | D:1      | Learned a level 2 spell: Blink
   256 | D:1      | You fall through a shaft!
   377 | D:2      | Reached XP level 3. HP: 17/31 MP: 9/9
   655 | D:2      | Reached skill level 5 in Spellcasting
   932 | D:1      | Reached skill level 1 in Invocations
  1114 | D:2      | Reached skill level 1 in Short Blades
  1114 | D:2      | Reached skill level 1 in Long Blades
  1114 | D:2      | Reached skill level 1 in Axes
  1114 | D:2      | Reached skill level 1 in Maces & Flails
  1114 | D:2      | Reached skill level 1 in Staves
  1114 | D:2      | Reached skill level 1 in Slings
  1114 | D:2      | Reached skill level 1 in Bows
  1114 | D:2      | Reached skill level 1 in Crossbows
  1114 | D:2      | Reached skill level 1 in Stealth
  1114 | D:2      | Reached skill level 1 in Shields
  1114 | D:2      | Reached skill level 1 in Unarmed Combat
  1114 | D:2      | Reached skill level 1 in Evocations
  1217 | D:2      | Reached XP level 4. HP: 32/38 MP: 11/11
  1665 | D:2      | Reached skill level 1 in Conjurations
  1665 | D:2      | Reached skill level 1 in Hexes
  1665 | D:2      | Reached skill level 1 in Charms
  1665 | D:2      | Reached skill level 1 in Summonings
  1665 | D:2      | Reached skill level 1 in Necromancy
  1665 | D:2      | Reached skill level 1 in Transmutations
  1665 | D:2      | Reached skill level 1 in Fire Magic
  1665 | D:2      | Reached skill level 1 in Ice Magic
  1665 | D:2      | Reached skill level 1 in Air Magic
  1665 | D:2      | Reached skill level 1 in Earth Magic
  1665 | D:2      | Reached skill level 1 in Poison Magic
  2035 | D:3      | Reached XP level 5. HP: 32/43 MP: 12/12
  3010 | D:4      | Reached XP level 6. HP: 42/50 MP: 13/13
  3385 | D:4      | Reached skill level 5 in Fighting
  3385 | D:4      | Reached skill level 5 in Polearms
  3385 | D:4      | Reached skill level 5 in Dodging
  3683 | D:4      | Reached XP level 7. HP: 24/56 MP: 15/15
  4177 | D:4      | Found a staircase to the Ecumenical Temple.
  4179 | D:4      | Found a faded altar of an unknown god.
  4186 | Temple   | Entered the Ecumenical Temple
  4260 | Temple   | Became a worshipper of Warmaster Okawaru
  4594 | D:5      | Entered Level 5 of the Dungeon
  5167 | D:5      | Reached * piety under Okawaru
  5167 | D:5      | Reached XP level 8. HP: 54/63 MP: 16/16
  5317 | D:5      | Found a snail-covered altar of Cheibriados.
  5393 | D:5      | Reached skill level 6 in Translocations
  5585 | D:5      | Slain by an orc warrior

Skill      XL: |  1  2  3  4  5  6  7  8 |
---------------+-------------------------+-----
Spellcasting   | 5 |  5.8
Invocations    | 1 2 3 |  3.2
Short Blades   | 1 2 |  2.9
Long Blades    | 1 2 |  2.9
Axes           | 1 2 |  2.9
Maces & Flails | 1 2 |  2.9
Staves         | 1 2 |  2.9
Slings         | 1 2 |  2.9
Bows           | 1 2 |  2.9
Crossbows      | 1 2 |  2.9
Stealth        | 1 2 |  2.9
Shields        | 1 2 |  2.9
Unarmed Combat | 1 2 |  2.9
Evocations     | 1 2 |  2.9
Conjurations   | 1 2 |  2.3
Hexes          | 1 2 |  2.3
Charms         | 1 2 |  2.3
Summonings     | 1 2 |  2.3
Necromancy     | 1 2 |  2.3
Transmutations | 1 2 |  2.3
Fire Magic     | 1 2 |  2.3
Ice Magic      | 1 2 |  2.3
Air Magic      | 1 2 |  2.3
Earth Magic    | 1 2 |  2.3
Poison Magic   | 1 2 |  2.3
Throwing       | 3 |  3.9
Armour         | 3 |  3.9
Fighting       | 5 |  5.4
Polearms       | 5 |  5.4
Dodging        | 5 |  5.4
Translocations | 6 |  6.0

Action                   |  1- 3 |  4- 6 |  7- 9 || total
-------------------------+-------+-------+-------++-------
Melee: Spear             |   128 |   168 |       ||   296
       Bite              |     5 |    24 |    14 ||    43
       Trident           |       |    47 |     4 ||    51
       Dagger            |       |    57 |   113 ||   170
       Punch             |       |     1 |     3 ||     4
 Cast: Blink             |       |       |     3 ||     3
  Use: Scroll            |       |       |     5 ||     5
  Eat: Chunk             |     1 |     8 |     5 ||    14
Armor: Leather armour    |     2 |       |       ||     2
       Scale mail        |    33 |    92 |    27 ||   152
Dodge: Dodged            |    58 |   143 |    58 ||   259
